 Dungeon Crawl Stone Soup version 0.28.0-43-g3370ac3207 (webtiles) character file.

Game seed: 18248728216385627450

188 vvl the Chiller (level 5, -6/38 HPs)
             Began as a Demonspawn Ice Elementalist on Mar 4, 2022.
             Mangled by a wyvern skeleton (13 damage)
             ... on level 4 of the Dungeon.
             The game lasted 00:06:05 (3680 turns).

vvl the Chiller (Demonspawn Ice Elementalist)       Turns: 3680, Time: 00:06:07

Health: -6/38      AC:  3    Str:  8    XL:     5   Next: 39%
Magic:  5/9        EV: 12    Int: 19    God:
Gold:   151        SH:  0    Dex: 13    Spells: 8/9 levels left

rFire   + . .      SeeInvis .   n - +1 trident (pain)
rCold   . . .      Faith    .   (no shield)
rNeg    . . .      Spirit   .   a - +0 robe
rPois   .          Reflect  .   g - +0 helmet
rElec   .          Harm     .   r - scarf {repulsion}
rCorr   .          Rampage  .   (no gloves)
Will    .....                   (no boots)
Stlth   ++........              (no amulet)
HPRegen 0.12/turn               c - ring of protection from fire
MPRegen 0.11/turn               (no ring)

@: repel missiles
A: claws 1, demonic magic 1
a: no special abilities


You were on level 4 of the Dungeon.
You visited 1 branch of the dungeon, and saw 4 of its levels.

You collected 151 gold pieces.

Inventory:

Hand Weapons
 b - a +0 short sword
 n - a +1 trident of pain (weapon)
Armour
 a - a +0 robe (worn)
 g - a +0 helmet (worn)
 r - a scarf of repulsion (worn)
Jewellery
 c - a ring of protection from fire (left claw)
 p - a +6 ring of strength
Scrolls
 d - 3 scrolls of teleportation {unknown}
 f - 3 scrolls of identify {unknown}
 i - a scroll of vulnerability {unknown}
 k - a scroll of fear {unknown}
 l - a scroll of summoning {unknown}
 o - a scroll of noise {unknown}
 q - a scroll of blinking {unknown}
 t - a scroll of enchant armour {unknown}
Potions
 e - a potion of might {unknown}
 h - a potion of haste {unknown}
 j - 3 potions of berserk rage {unknown}
 m - a potion of flight {unknown}
 s - a potion of heal wounds {unknown}
 u - a potion of curing {unknown}


   Skills:
 + Level 1.7 Fighting
 + Level 1.5 Armour
 + Level 2.5 Dodging
 - Level 2.0 Stealth
 + Level 2.7 Spellcasting
 * Level 2.5 Necromancy
 + Level 4.0 Ice Magic


You had 8 spell levels left.
You knew the following spells:

 Your Spells              Type           Power      Damage    Failure   Level
a - Freeze                Ice            68%        1d8       3%          1

Your spell library contained the following spells:

 Spells                   Type           Power      Damage    Failure   Level
 Frozen Ramparts          Ice            34%        1d5       9%          3
 Ozocubu's Armour         Ice            17%        N/A       9%          3
 Static Discharge         Conj/Air       2%         N/A       24%         2
 Portal Projectile        Hex/Tloc       4%         N/A       43%         3
 Hailstorm                Conj/Ice       10%        3d5       56%         4
 Excruciating Wounds      Necr           6%         N/A       83%         5
 Blade Hands              Tmut           1%         N/A       99%         5
 Lightning Bolt           Conj/Air       1%         1d12      99%         5
 Maxwell's Capacitive Co  Air            1%         ∞         100%        8


Dungeon Overview and Level Annotations

Branches:
Dungeon (4/15)
 Temple: D:4-7

Altars:
Ru
Yredelemnul

Annotations:
D:3 Natasha


Innate Abilities, Weirdness & Mutations

You have sharp fingernails.
Spells you cast may paralyse adjacent enemies.


Message History

The wyvern skeleton is lightly damaged.
Malevolent energies surge around you.
The helpless wyvern skeleton fails to defend itself.
You puncture the wyvern skeleton!
The wyvern skeleton is moderately damaged.
The adder skeleton barely misses you. The adder skeleton bites you.
The helpless wyvern skeleton fails to defend itself.
You hit the wyvern skeleton.
The wyvern skeleton is moderately damaged.
The adder skeleton misses you.
The helpless wyvern skeleton fails to defend itself.
You hit the wyvern skeleton.
The wyvern skeleton is moderately damaged.
The adder skeleton bites you.
The helpless wyvern skeleton fails to defend itself.
You hit the wyvern skeleton.
The wyvern skeleton is heavily damaged.
The wyvern skeleton is no longer paralysed.
The adder skeleton bites you. The wyvern skeleton bites you!
The adder skeleton barely misses you.
The wyvern skeleton completely misses you.
Casting: Freeze (safe; 3% risk of failure)
Confirm with . or Enter, or press ? or * to list all spells.
Aiming: Freeze (safe; 3% risk of failure)
Press: ? - help, Shift-Dir - straight line, f/p - wyvern skeleton
Aim: a wyvern skeleton (heavily damaged)
You freeze the wyvern skeleton but do no damage.
The wyvern skeleton completely resists.
Malevolent energies surge around you. The wyvern skeleton bites you!
* * * LOW HITPOINT WARNING * * *
The adder skeleton closely misses you.
Casting: Freeze (safe; 3% risk of failure)
Confirm with . or Enter, or press ? or * to list all spells.
Aiming: Freeze (safe; 3% risk of failure)
Press: ? - help, Shift-Dir - straight line, f/p - wyvern skeleton
Aim: a wyvern skeleton (heavily damaged)
You freeze the wyvern skeleton but do no damage.
The wyvern skeleton completely resists.
Malevolent energies surge around you. The wyvern skeleton bites you!
You die...

..... #...# #. #...#
#.###...######
.......>.....##
..............#
.......ZZ.....#
##########..@#
........##...#
..#####.##...#
####.##...#
#.....>...#
#.##.######
#.##.##.#########
#.......#.....÷.#
####.###...####.####


You could see an adder skeleton and a wyvern skeleton.

Vanquished Creatures
  Jessica (D:2)
  Natasha (twice) (D:3)
  7 adders
  A worm (D:3)
  A dart slug (D:3)
  3 bats
  6 endoplasms
  6 hobgoblins
  2 quokkas
  2 ball pythons (D:2)
  4 frilled lizards
  6 goblins
  6 kobolds
  6 rats
53 creatures vanquished.

Vanquished Creatures (others)
  9 fungi (D:2)
  4 plants (D:2)
13 creatures vanquished.

Grand Total: 66 creatures vanquished

Notes
Turn   | Place    | Note
-------+----------+-------------------------------------------
     0 | D:1      | vvl the Demonspawn Ice Elementalist began the quest for the
                  | Orb.
     0 | D:1      | Reached XP level 1. HP: 13/13 MP: 3/3
   787 | D:1      | Gained mutation: Spells you cast may paralyse adjacent
                  | enemies. [demonic ancestry]
   787 | D:1      | Reached XP level 2. HP: 16/20 MP: 3/5
  1278 | D:2      | Noticed Jessica
  1285 | D:2      | Killed Jessica
  1286 | D:2      | Reached skill level 1 in Fighting
  1286 | D:2      | Reached skill level 1 in Necromancy
  1286 | D:2      | Reached XP level 3. HP: 13/26 MP: 2/6
  1559 | D:2      | Reached skill level 1 in Armour
  1854 | D:2      | Gained mutation: You have sharp fingernails. [demonic
                  | ancestry]
  1854 | D:2      | Reached XP level 4. HP: 32/32 MP: 5/7
  2202 | D:2      | Found a faded altar of an unknown god.
  2342 | D:2      | Found a sacrificial altar of Ru.
  2484 | D:3      | Found a basalt altar of Yredelemnul.
  2725 | D:3      | Noticed Natasha
  2729 | D:3      | Killed Natasha
  2772 | D:3      | Noticed Natasha
  2779 | D:3      | Killed Natasha
  2780 | D:3      | Reached skill level 4 in Ice Magic
  2780 | D:3      | Reached XP level 5. HP: 33/37 MP: 4/8
  3233 | D:3      | Noticed Natasha
  3680 | D:4      | Mangled by a wyvern skeleton

Illustrated notes

Levels and vault maps discovered:
D:1:      minmay_arrival_diagonal_passages, layout_loops_ring,
          ebering_dispersal_statue_hall, hangedman_glass_teeth
D:2:      layout_basic, dreamdust_ecumenical_altar_hidden_monk_grotto,
          basic_altar, minivault_4, eino_tiny_chamber, uniq_jessica
D:3:      layout_basic, mainiacjoe_overflow_tiny_flanked,
          hangedman_decor_riveting, corexii_leaking_fountain, uniq_natasha
D:4:      minmay_clustersquares, layout_loops_cross, zin_treasury, serial_shops,
          kennysheep_mini

Skill      XL: |  1  2  3  4 |
---------------+-------------+-----
Dodging        | 2 |  2.5
Stealth        | 2 |  2.0
Fighting       | 1 |  1.7
Necromancy     | 1 2 |  2.5
Armour         | 1 |  1.5
Ice Magic      | 4 |  4.0
Spellcasting   | |  2.7

Action                   |  1- 3 |  4- 6 || total
-------------------------+-------+-------++-------
Melee: Short sword       |    28 |     5 ||    33
       Unarmed           |     9 |       ||     9
       Trident           |       |    77 ||    77
       Punch             |       |     2 ||     2
 Cast: Freeze            |    28 |    15 ||    43
 Stab: Sleeping          |     2 |     5 ||     7
       Paralysed         |     3 |     4 ||     7
       Distracted        |       |     1 ||     1
Armor: Robe              |     9 |    12 ||    21
Dodge: Dodged            |    34 |    49 ||    83
       Repelled          |       |     1 ||     1
